 Dungeon Crawl Stone Soup version 0.19.4-9-g45fd643 (webtiles) character file.

947 protoss039 the Conjurer (level 7, -2/61 HPs)
             Began as a White Draconian Conjurer on Feb 16, 2017.
             Was an Initiate of Vehumet.
             Slain by a human
             ... wielding a cursed -2 club
              (6 damage)
             ... on level 6 of the Dungeon.
             The game lasted 00:26:02 (5592 turns).

protoss039 the Conjurer (White Draconian Conjurer)  Turns: 5592, Time: 00:26:03

Health: -2/61      AC:  6    Str: 15    XL:     7   Next: 89%
Magic:  2/14       EV: 16    Int: 17    God:    Vehumet [......]
Gold:   281        SH:  0    Dex: 17    Spells: 3 memorised, 8 levels left

rFire  + + .     SeeInvis .     x - +3 short sword (protect)
rCold  + + .     Gourm    .     (armour unavailable)
rNeg   . . .     Faith    .     (no shield)
rPois  +         Spirit   .     (helmet restricted)
rElec  +         Reflect  .     (no cloak)
rCorr  +         Harm     .     (no gloves)
MR     .....                    (no boots)
Stlth  +++.......               (no amulet)
                                (no ring)
                                w - ring of protection from fire

@: mighty, agile, resistant, marked, flying, heavily drained
A: breathe frost, unfitting armour, cold resistance 1, cold-blooded, AC +6
a: Breathe Frost, Renounce Religion


You were on level 6 of the Dungeon.
You worshipped Vehumet.
Vehumet was noncommittal.
You were hungry.

You visited 2 branches of the dungeon, and saw 7 of its levels.

You collected 281 gold pieces.

Inventory:

Hand Weapons
 x - a +3 short sword of protection (weapon)
Jewellery
 p - an uncursed ring of flight
 w - a ring of protection from fire (left hand)
Wands
 E - a wand of confusion (8/48)
Scrolls
 c - a scroll of torment {unknown}
 e - 2 scrolls of identify
 i - a scroll of recharging {unknown}
 j - a scroll of remove curse
 k - a scroll of teleportation {unknown}
 l - a scroll of magic mapping
 n - 2 scrolls of amnesia
 q - 2 scrolls of enchant armour
Potions
 r - a potion of agility
 z - a potion of magic {unknown}
 A - a potion of ambrosia {unknown}
 B - a potion of cancellation {unknown}
 F - a potion of invisibility {unknown}
Books
 a - a book of Conjurations

   Spells                             Type                      Level
   a - Magic Dart                     Conjuration                  1
   b - Searing Ray                    Conjuration                  2
   c - Dazzling Spray                 Conjuration/Hexes            3
   d - Fulminant Prism                Conjuration/Hexes            4
   e - Iskenderun's Mystic Blast      Conjuration                  4
   f - Iskenderun's Battlesphere      Conjuration/Charms           5
 G - a book of Cantrips

   Spells                             Type                      Level
   a - Confusing Touch                Hexes                        1
   b - Animate Skeleton               Necromancy                   1
   c - Summon Small Mammal            Summoning                    1
   d - Apportation                    Translocation                1
Comestibles
 b - 7 bread rations
 d - 3 meat rations
 g - 5 fruits


   Skills:
 - Level 5.0(3.3) Fighting
 - Level 1.7(0.2) Dodging
 - Level 1.7(0.2) Stealth
 + Level 4.8(3.1) Spellcasting
 * Level 7.2(5.3) Conjurations


You had 8 spell levels left.
You knew the following spells:

 Your Spells              Type           Power        Failure   Level  Hunger
a - Magic Dart            Conj           ###.         1%          1    None
b - Searing Ray           Conj           ###...       2%          2    ##.....
c - Iskenderun's Mystic   Conj           ###.....     21%         4    ####...


Dungeon Overview and Level Annotations

Branches:
Dungeon (6/15)             Temple (1/1) D:5

Altars:
Ashenzari
Cheibriados
Dithmenos
Elyvilon
Fedhas
Gozag
Hepliaklqana
Makhleb
Nemelex Xobeh
Okawaru
Qazlal
Ru
Sif Muna
Trog
Uskayaw
Vehumet
Xom
Yredelemnul
The Shining One

Annotations:
D:5 exclusion: 2 downstairs
D:6 Edmund


Innate Abilities, Weirdness & Mutations

You can breathe waves of freezing cold.
You can buffet flying creatures when you breathe cold.
Your icy white scales are hard. (AC +6)
You cannot fit into any form of body armour.
Your flesh is cold resistant. (rC+)
You are cold-blooded and may be slowed by cold attacks.


Message History

Confirm with . or Enter, or press ? or * to list all spells.
Aiming: Searing Ray
Press: ? - help, Shift-Dir - straight line, f - human
Aim: a human, wielding a flail and wearing a scale mail The searing ray misses the human.
The searing ray hits Edmund.
Edmund is moderately wounded. (Press . to maintain the ray.)
The human barely misses you.
The worker ant zombie bites you but does no damage.
A hound comes into view.
Unknown command.
The searing ray hits the human.
The human is moderately wounded.
The human barely misses you. The worker ant zombie misses you.
Unknown command.
Unknown command.
The searing ray hits the human.
The human is moderately wounded.
The human hits you with a club.
You die...

... .. #. ... #. (...
#. #. #Z #. ##########
###h######l........
#..ZZ@p@ppO..#####
#.#.######p#.#########
... #.#.......... #.#.
#.########### ...#.
#.# #.# #. #.# #. ..
#.# # #. #<# #........


You could see Edmund, 4 humans, an ogre, a hound, a worker ant zombie, a leopard
gecko and a hound skeleton.

Vanquished Creatures
  Prince Ribbit (Temple)
  A sky beast (D:5)
  2 ogres (D:5)
  A centaur (D:5)
  A bullfrog zombie (D:5)
  3 orc wizards
  2 iguanas
  A worker ant (D:6)
  Robin (D:4)
  6 adders
  2 oozes
  5 worms
  2 dart slugs (D:1)
  5 leopard geckos
  7 orcs
  5 giant cockroaches
  19 goblins
  11 hobgoblins
  10 jackals
  13 kobolds
  A ball python (D:3)
  8 bats
  6 frilled lizards
  7 rats
120 creatures vanquished.

Notes
Turn   | Place    | Note
-------+----------+-------------------------------------------
     0 | D:1      | protoss039 the Draconian Conjurer began the quest for the Orb.
     0 | D:1      | Reached XP level 1. HP: 14/14 MP: 3/3
    96 | D:1      | Reached XP level 2. HP: 19/20 MP: 1/5
   104 | D:1      | Learned a level 2 spell: Searing Ray
   540 | D:1      | Found a snail-covered altar of Cheibriados.
   590 | D:1      | Reached skill level 5 in Conjurations
   609 | D:1      | Reached XP level 3. HP: 26/26 MP: 1/6
  1188 | D:2      | Noticed a dagger
  1189 | D:2      | Noticed a dagger
  1192 | D:2      | Found a hide-covered altar of Uskayaw.
  1773 | D:2      | Reached XP level 4. HP: 31/33 MP: 2/7
  1786 | D:2      | Learned a level 4 spell: Iskenderun's Mystic Blast
  1927 | D:2      | Found a deep blue altar of Sif Muna.
  2254 | D:3      | Reached skill level 6 in Conjurations
  2608 | D:3      | Reached XP level 5. HP: 38/38 MP: 4/8
  3153 | D:4      | Noticed Robin
  3186 | D:4      | Killed Robin
  3195 | D:4      | Reached skill level 7 in Conjurations
  3355 | D:4      | Noticed an air elemental
  3357 | D:4      | Found a stormy altar of Qazlal.
  3358 | D:4      | Noticed a fire elemental
  3358 | D:4      | Noticed a water elemental
  3487 | D:4      | Reached skill level 1 in Fighting
  3623 | D:4      | Reached XP level 6. HP: 18/47 MP: 9/9
  4197 | D:5      | Entered Level 5 of the Dungeon
  4219 | D:5      | Noticed a sky beast
  4277 | D:5      | Killed a sky beast
  4367 | D:5      | Your scales start taking on an icy white colour.
  4367 | D:5      | Reached XP level 7. HP: 10/57 MP: 0/12
  4367 | D:5      | Gained mutation: Your flesh is cold resistant. (rC+) [White Draconian growth]
  4655 | D:5      | Found a sparkling altar of Nemelex Xobeh.
  4768 | D:5      | Found a staircase to the Ecumenical Temple.
  4772 | D:5      | Noticed Prince Ribbit
  4777 | Temple   | Entered the Ecumenical Temple
  4785 | Temple   | Became a worshipper of Vehumet
  4811 | Temple   | Killed Prince Ribbit
  5213 | D:5      | Reached skill level 5 in Fighting
  5456 | D:6      | Noticed Edmund
  5551 | D:6      | Noticed a human
  5580 | D:6      | Noticed a human
  5580 | D:6      | Noticed a human
  5586 | D:6      | Noticed a human
  5592 | D:6      | Slain by a human

Skill      XL: |  1  2  3  4  5  6  7 |
---------------+----------------------+-----
Conjurations   | 5 6 7 |  7.2
Fighting       | 1 3 5 |  5.0
Spellcasting   | 3 4 |  4.8
Dodging        | |  1.7
Stealth        | |  1.7

Action                   |  1- 3 |  4- 6 |  7- 9 || total
-------------------------+-------+-------+-------++-------
Melee: Dagger            |    62 |    20 |       ||    82
       Unarmed           |     2 |       |       ||     2
       Tailslap          |     9 |    10 |     4 ||    23
       Short sword       |       |    56 |    14 ||    70
 Cast: Magic Dart        |    85 |   127 |    40 ||   252
       Searing Ray       |     1 |     3 |     2 ||     6
       Iskenderun's Myst |       |     2 |     3 ||     5
 Abil: Breathe Frost     |       |       |     5 ||     5
Evoke: Wand              |       |       |     2 ||     2
  Use: Potion            |       |     4 |     5 ||     9
       Scroll            |       |    13 |       ||    13
 Stab: Distracted        |       |     1 |       ||     1
  Eat: Chunk             |     4 |    11 |     3 ||    18
       Pizza             |       |       |     1 ||     1
Armor: Skin              |    33 |    34 |    16 ||    83
Dodge: Dodged            |    59 |    63 |    30 ||   152
